Workbook

Sheet PPTO OFICIAL
A2: PRESUPUESTO OFICIAL
A5: ITEM | B5: DESCRIPCION | C5: UNIDAD | D5: CANTIDAD | E5: VR. UNITARIO | F5: VR. PARCIAL
A6: 1.0 PRELIMINARES
A7: 1.2 | B7: Localizacion y replanteo | C7: M2 | D7: 99 | E7: =+APUS!I49 -> 4939 | F7: =ROUND(D7*E7,0) -> 488961
A8: 2.0 EXCAVACIONES
A9: 2.1 | B9: Excavacion manual | C9: M3 | D9: 6 | E9: =+APUS!R49 -> 48520 | F9: =ROUND(D9*E9,0) -> 291120
A10: 3.0 RELLENO
A11: 3.1 | B11: Relleno seleccionado de sitio | C11: M3 | D11: 25 | E11: =+APUS!I98 -> 149825 | F11: =ROUND(D11*E11,0) -> 3745625
A12: 4.0 CIMIENTACIONES Y PISOS
A13: 4.1 | B13: Zapatas y pedestales en concreto de 3000 psi no incl. Refuerzo | C13: M3 | D13: =1*1*0.3*(6) -> 1.8 | E13: =+APUS!R98 -> 877652 | F13: =ROUND(D13*E13,0) -> 1579774
A14: 4.2 | B14: Viga de cimiento de 0,30x0,30 M no incl. Refuerzo | C14: ML | D14: 30 | E14: =+APUS!I147 -> 90385 | F14: =ROUND(D14*E14,0) -> 2711550
A15: 4.3 | B15: Sobrenivel en bloques de cemento, macizos | C15: ML | D15: 30 | E15: =+APUS!R147 -> 62147 | F15: =ROUND(D15*E15,0) -> 1864410
A16: 5.0 ESTRUCTURA
A17: 5.1 | B17: Columnas y pedestales en concreto de 3000 psi de 0,30x0,30 M | C17: ML | D17: =4.3*(6) -> 25.8 | E17: =+APUS!I196 -> 208485 | F17: =ROUND(D17*E17,0) -> 5378913
A18: 5.2 | B18: Vigas sobre muro, reforzadas, sección 0,30 x 0,30 m, en concreto de 3000 psi | C18: ML | D18: 30 | E18: =+APUS!I245 -> 146349 | F18: =ROUND(D18*E18,0) -> 4390470
A19: 6.0 ACERO
A20: 6.1 | B20: Acero de refuerzo de 60000 psi | C20: KLS | D20: 550 | E20: =+APUS!R196 -> 9667 | F20: =ROUND(D20*E20,0) -> 5316850
A21: 7.0 PISOS
A22: 7.1 | B22: Anden en concreto de 3000 psi allanado e= 0,07M incl. Levante cimiento, pañete, plantilla y relleno | C22: M2 | D22: 32 | E22: =+APUS!R245 -> 200191.6 | F22: =ROUND(D22*E22,0) -> 6406131
A23: 7.2 | B23: Plantilla en concreto piso de 0,07 M en concreto de 3000 psi | C23: M2 | D23: 60 | E23: =+APUS!I294 -> 58248.451 | F23: =ROUND(D23*E23,0) -> 3494907
A24: 7.3 | B24: Piso en tablón vitrificado | C24: M2 | D24: 60 | E24: =+APUS!R294 -> 66230 | F24: =ROUND(D24*E24,0) -> 3973800
A25: 8,0 MAMPOSTERIA
A26: 8.1 | B26: Levante de muros en bloques de cemento, huecos | C26: M2 | D26: 88 | E26: =+APUS!I343 -> 43740 | F26: =ROUND(D26*E26,0) -> 3849120
A27: 8.2 | B27: Levante en calados de cemento | C27: M2 | D27: 12 | E27: =+APUS!R343 -> 76354 | F27: =ROUND(D27*E27,0) -> 916248
A28: 9.0. PAÑETES
A29: 9.1 | B29: Pañete allanado 1:5 en muros | C29: M2 | D29: 108.2263 | E29: =+APUS!I391 -> 21144 | F29: =ROUND(D29*E29,0) -> 2288337
A30: 10. CARPINTERIA METALICA
A31: 10.1 | B31: Suministro e Instalacion de puerta metalica de 2x1 cal 18 | C31: UND | D31: 1 | E31: =+APUS!R391 -> 696334 | F31: =ROUND(D31*E31,0) -> 696334
A32: 11. ACABADOS Y PINTURA
A33: 11.2 | B33: Pintura de vinilo Tipo 1 sobre muros | C33: M2 | D33: 78 | E33: =+APUS!I440 -> 17261 | F33: =ROUND(D33*E33,0) -> 1346358
A34: 12. CUBIERTA
A35: 12.2 | B35: Suministro e instalación de cubierta en asbesto cemento, tejas onduladas | C35: M2 | D35: 70 | E35: =+APUS!R440 -> 61476 | F35: =ROUND(D35*E35,0) -> 4303320
A36: 13. ESTRUCTURA METALICA PARA CUBIERTA
A37: 13.1 | B37: Estructura metálica para cubierta | C37: KG | D37: 40 | E37: =+APUS!I488 -> 29677 | F37: =ROUND(D37*E37,0) -> 1187080
A39: COSTO DIRECTO CONSTRUCCION DE AULA | F39: =SUM(F7:F38) -> 54229308
A40: Administracion | E40: 0.2 | F40: =ROUND(+E40*F39,0) -> 10845862
A41: Utilidad | E41: 0.1 | F41: =ROUND(+E41*F39,0) -> 5422931
C42: Imprevistos | E42: 0.019 | F42: =+E42*F39 -> 1030356.9
A43: VALOR TOTAL DE LA OBRA: | F43: =SUM(F39:F42) -> 71528458

Sheet APUS
A3: ANÁLISIS DE PRECIOS UNITARIOS | J3: ANÁLISIS DE PRECIOS UNITARIOS
A4: OBRA: | J4: OBRA:
A5: ITEM: | B5: Localización y replanteo | J5: ITEM: | K5: Excavación a mano
A6: UND.: | B6: M2 | D6: CANT.: | J6: UND.: | K6: M3 | M6: CANT.:
A8: 1.- MATERIALES EN OBRA: | J8: 1.- MATERIALES EN OBRA:
A10: CÓD. | B10: DESCRIPCIÓN | E10: UND. | F10: CANT/UND | G10: COSTO | H10: VR. PARCIAL | J10: CÓD. | K10: DESCRIPCIÓN | N10: UND. | O10: CANT/UND | P10: COSTO | Q10: VR. PARCIAL
B11: Estacas, cuerdas, etc. | E11: GBL | F11: 1 | G11: 650 | H11: =ROUND(F11*G11,0) -> 650 | Q11: =ROUND(O11*P11,0) -> 0
H12: =ROUND(F12*G12,0) -> 0 | Q12: =ROUND(O12*P12,0) -> 0
H13: =ROUND(F13*G13,0) -> 0 | Q13: =ROUND(O13*P13,0) -> 0
H14: =ROUND(F14*G14,0) -> 0 | Q14: =ROUND(O14*P14,0) -> 0
H15: =ROUND(F15*G15,0) -> 0 | Q15: =ROUND(O15*P15,0) -> 0
H16: =ROUND(F16*G16,0) -> 0 | Q16: =ROUND(O16*P16,0) -> 0
H17: =ROUND(F17*G17,0) -> 0 | Q17: =ROUND(O17*P17,0) -> 0
H18: =ROUND(F18*G18,0) -> 0 | Q18: =ROUND(O18*P18,0) -> 0
H19: =ROUND(F19*G19,0) -> 0 | Q19: =ROUND(O19*P19,0) -> 0
H20: =ROUND(F20*G20,0) -> 0 | Q20: =ROUND(O20*P20,0) -> 0
H21: =ROUND(F21*G21,0) -> 0 | Q21: =ROUND(O21*P21,0) -> 0
E23: SUB-TOTAL MATERIALES: | I23: =SUM(H11:H21) -> 650 | N23: SUB-TOTAL MATERIALES: | R23: =SUM(Q11:Q21) -> 0
A26: 2.- EQUIPOS: | J26: 2.- EQUIPOS:
A28: CÓD. | B28: DESCRIPCIÓN | E28: Tarifa/dia u hora | G28: RENDIM. | H28: VR. PARCIAL | J28: CÓD. | K28: DESCRIPCIÓN | N28: Tarifa/dia u hora | P28: RENDIM. | Q28: VR. PARCIAL
B29: Equipo de topografía | E29: 90000 | G29: 95 | H29: =ROUND(E29/G29,0) -> 947 | P29: 2 | Q29: =ROUND(N29/P29,0) -> 0
G30: 1 | H30: =ROUND(E30/G30,0) -> 0 | J30: 1/2 | K30: Equipo menor | N30: 7500 | P30: 2 | Q30: =ROUND(N30/P30,0) -> 3750
G31: 1 | H31: =ROUND(E31/G31,0) -> 0 | P31: 1 | Q31: =ROUND(N31/P31,0) -> 0
G32: 1 | H32: =ROUND(E32/G32,0) -> 0 | P32: 1 | Q32: =ROUND(N32/P32,0) -> 0
G33: 1 | H33: =ROUND(E33/G33,0) -> 0 | P33: 1 | Q33: =ROUND(N33/P33,0) -> 0
E35: SUB-TOTAL EQUIPOS: | I35: =SUM(H29:H33) -> 947 | N35: SUB-TOTAL EQUIPOS: | R35: =SUM(Q29:Q33) -> 3750
A38: 3.- MANO DE OBRA: | J38: 3.- MANO DE OBRA:
A40: CÓD. | B40: DESCRIPCIÓN | C40: UND. | D40: JORNAL | E40: % PREST. | F40: JORNAL TOT. | G40: RENDIMIENTO | H40: VR. PARCIAL | J40: CÓD. | K40: DESCRIPCIÓN | L40: UND. | M40: JORNAL | N40: % PREST. | O40: JORNAL TOT. | P40: RENDIMIENTO | Q40: VR. PARCIAL
B41: Topógrafo | C41: dia | D41: 66000 | E41: 185 | F41: =ROUND(D41*(+E41)/100,0) -> 122100 | G41: 95 | H41: =ROUND(F41/G41,0) -> 1285 | L41: dia | M41: 0 | N41: 185 | O41: =ROUND(M41*(+N41)/100,0) -> 0 | P41: 2 | Q41: =ROUND(O41/P41,0) -> 0
A42: 2 | B42: Cadeneros | C42: 44000 | D42: =A42*C42 -> 88000 | E42: 185 | F42: =ROUND(D42*(+E42)/100,0) -> 162800 | G42: 95 | H42: =ROUND(F42/G42,0) -> 1714 | K42: Ayudante | L42: dia | M42: 44000 | N42: 185 | O42: =ROUND(M42*(+N42)/100,0) -> 81400 | P42: 2 | Q42: =ROUND(O42/P42,0) -> 40700
A43: 0.2 | B43: Maestro | C43: 88000 | D43: =A43*C43 -> 17600 | E43: 185 | F43: =ROUND(D43*(+E43)/100,0) -> 32560 | G43: 95 | H43: =ROUND(F43/G43,0) -> 343 | J43: 0.05 | K43: Maestro | L43: 88000 | M43: =J43*L43 -> 4400 | N43: 185 | O43: =ROUND(M43*(+N43)/100,0) -> 8140 | P43: 2 | Q43: =ROUND(O43/P43,0) -> 4070
E44: 185 | F44: =ROUND(D44*(+E44)/100,0) -> 0 | G44: 1 | H44: =ROUND(F44/G44,0) -> 0 | N44: 185 | O44: =ROUND(M44*(+N44)/100,0) -> 0 | P44: 1 | Q44: =ROUND(O44/P44,0) -> 0
E46: SUB-TOTAL MANO DE OBRA: | I46: =SUM(H41:H44) -> 3342 | N46: SUB-TOTAL MANO DE OBRA: | R46: =SUM(Q41:Q44) -> 44770
G49: COSTO DIRECTO: | I49: =I23+I35+I46 -> 4939 | P49: COSTO DIRECTO: | R49: =R23+R35+R46 -> 48520
A52: ANÁLISIS DE PRECIOS UNITARIOS | J52: ANÁLISIS DE PRECIOS UNITARIOS
A53: OBRA: | J53: OBRA:
A54: ITEM: | B54: Relleno en material seleccionado | J54: ITEM: | K54: Zapatas en concreto de 4000 psi
A55: UND.: | B55: M3 | D55: CANT.: | J55: UND.: | K55: M3 | M55: CANT.:
A57: 1.- MATERIALES EN OBRA: | J57: 1.- MATERIALES EN OBRA:
A59: CÓD. | B59: DESCRIPCIÓN | E59: UND. | F59: CANT/UND | G59: COSTO | H59: VR. PARCIAL | J59: CÓD. | K59: DESCRIPCIÓN | N59: UND. | O59: CANT/UND | P59: COSTO | Q59: VR. PARCIAL
B60: Relleno seleccionado | E60: M3 | F60: 1.3 | G60: 40000 | H60: =ROUND(F60*G60,0) -> 52000 | K60: Concreto 4000 psi | N60: M3 | O60: 1.1 | P60: 564594 | Q60: =ROUND(O60*P60,0) -> 621053
B61: Agua | E61: Litros | F61: 80 | G61: 20 | H61: =ROUND(F61*G61,0) -> 1600 | Q61: =ROUND(O61*P61,0) -> 0
G62: 0 | H62: =ROUND(F62*G62,0) -> 0 | Q62: =ROUND(O62*P62,0) -> 0
G63: 0 | H63: =ROUND(F63*G63,0) -> 0 | Q63: =ROUND(O63*P63,0) -> 0
H64: =ROUND(F64*G64,0) -> 0 | Q64: =ROUND(O64*P64,0) -> 0
H65: =ROUND(F65*G65,0) -> 0 | Q65: =ROUND(O65*P65,0) -> 0
H66: =ROUND(F66*G66,0) -> 0 | Q66: =ROUND(O66*P66,0) -> 0
H67: =ROUND(F67*G67,0) -> 0 | Q67: =ROUND(O67*P67,0) -> 0
H68: =ROUND(F68*G68,0) -> 0 | Q68: =ROUND(O68*P68,0) -> 0
H69: =ROUND(F69*G69,0) -> 0 | Q69: =ROUND(O69*P69,0) -> 0
H70: =ROUND(F70*G70,0) -> 0 | Q70: =ROUND(O70*P70,0) -> 0
E72: SUB-TOTAL MATERIALES: | I72: =SUM(H60:H70) -> 53600 | N72: SUB-TOTAL MATERIALES: | R72: =SUM(Q60:Q70) -> 621053
A75: 2.- EQUIPOS: | J75: 2.- EQUIPOS:
A77: CÓD. | B77: DESCRIPCIÓN | E77: Tarifa/dia u hora | G77: RENDIM. | H77: VR. PARCIAL | J77: CÓD. | K77: DESCRIPCIÓN | N77: Tarifa/dia u hora | P77: RENDIM. | Q77: VR. PARCIAL
B78: Rana vibrocompactadora | E78: 80000 | G78: 4 | H78: =ROUND(E78/G78,0) -> 20000 | K78: Equipo menor | N78: 20000 | P78: 1.5 | Q78: =ROUND(N78/P78,0) -> 13333
B79: Equipo menor | E79: 20000 | G79: 4 | H79: =ROUND(E79/G79,0) -> 5000 | K79: Vibrador de concreto | N79: 80000 | P79: 1.5 | Q79: =ROUND(N79/P79,0) -> 53333
G80: 1 | H80: =ROUND(E80/G80,0) -> 0 | P80: 1 | Q80: =ROUND(N80/P80,0) -> 0
G81: 1 | H81: =ROUND(E81/G81,0) -> 0 | P81: 1 | Q81: =ROUND(N81/P81,0) -> 0
G82: 1 | H82: =ROUND(E82/G82,0) -> 0 | P82: 1 | Q82: =ROUND(N82/P82,0) -> 0
E84: SUB-TOTAL EQUIPOS: | I84: =SUM(H78:H82) -> 25000 | N84: SUB-TOTAL EQUIPOS: | R84: =SUM(Q78:Q82) -> 66666
A87: 3.- MANO DE OBRA: | J87: 3.- MANO DE OBRA:
A89: CÓD. | B89: DESCRIPCIÓN | C89: UND. | D89: JORNAL | E89: % PREST. | F89: JORNAL TOT. | G89: RENDIMIENTO | H89: VR. PARCIAL | J89: CÓD. | K89: DESCRIPCIÓN | L89: UND. | M89: JORNAL | N89: % PREST. | O89: JORNAL TOT. | P89: RENDIMIENTO | Q89: VR. PARCIAL
A90: 2 | B90: Obreros (2) | C90: 66000 | D90: =A90*C90 -> 132000 | E90: 185 | F90: =ROUND(D90*(+E90)/100,0) -> 244200 | G90: 4 | H90: =ROUND(F90/G90,0) -> 61050 | K90: Albañil | L90: dia | M90: 66000 | N90: 185 | O90: =ROUND(M90*(+N90)/100,0) -> 122100 | P90: 1.5 | Q90: =ROUND(O90/P90,0) -> 81400
A91: 0.25 | B91: Maestro | C91: 88000 | D91: =A91*C91 -> 22000 | E91: 185 | F91: =ROUND(D91*(+E91)/100,0) -> 40700 | G91: 4 | H91: =ROUND(F91/G91,0) -> 10175 | J91: 2 | K91: Ayudante (2) | L91: 44000 | M91: =J91*L91 -> 88000 | N91: 185 | O91: =ROUND(M91*(+N91)/100,0) -> 162800 | P91: 1.5 | Q91: =ROUND(O91/P91,0) -> 108533
E92: 185 | F92: =ROUND(D92*(+E92)/100,0) -> 0 | G92: 1 | H92: =ROUND(F92/G92,0) -> 0 | J92: 0.25 | K92: Maestro | L92: 0 | M92: =J92*L92 -> 0 | N92: 185 | O92: =ROUND(M92*(+N92)/100,0) -> 0 | P92: 5 | Q92: =ROUND(O92/P92,0) -> 0
E93: 185 | F93: =ROUND(D93*(+E93)/100,0) -> 0 | G93: 1 | H93: =ROUND(F93/G93,0) -> 0 | N93: 185 | O93: =ROUND(M93*(+N93)/100,0) -> 0 | P93: 1 | Q93: =ROUND(O93/P93,0) -> 0
E95: SUB-TOTAL MANO DE OBRA: | I95: =SUM(H90:H93) -> 71225 | N95: SUB-TOTAL MANO DE OBRA: | R95: =SUM(Q90:Q93) -> 189933
G98: COSTO DIRECTO: | I98: =I72+I84+I95 -> 149825 | P98: COSTO DIRECTO: | R98: =R72+R84+R95 -> 877652
A101: ANÁLISIS DE PRECIOS UNITARIOS | J101: ANÁLISIS DE PRECIOS UNITARIOS
A102: OBRA: | J102: OBRA:
A103: ITEM: | B103: Viga de concreto de cimentación 0,30 x 0,30 m, NO INCLUYE REFUERZO | J103: ITEM: | K103: Sobrecimientos en bloques macizos de cemento
A104: UND.: | B104: ML | D104: CANT.: | J104: UND.: | K104: ML | M104: CANT.:
A106: 1.- MATERIALES EN OBRA: | J106: 1.- MATERIALES EN OBRA:
A108: CÓD. | B108: DESCRIPCIÓN | E108: UND. | F108: CANT/UND | G108: COSTO | H108: VR. PARCIAL | J108: CÓD. | K108: DESCRIPCIÓN | N108: UND. | O108: CANT/UND | P108: COSTO | Q108: VR. PARCIAL
B109: Concreto de 3000 PSI | E109: M3 | F109: 0.1 | G109: 565863 | H109: =ROUND(F109*G109,0) -> 56586 | K109: Bloques | N109: UND. | O109: 24 | P109: 1200 | Q109: =O109*P109 -> 28800
H110: =ROUND(F110*G110,0) -> 0 | K110: Arena | N110: M3 | O110: 0.06 | P110: 65000 | Q110: =O110*P110 -> 3900
H111: =ROUND(F111*G111,0) -> 0 | K111: Cemento | N111: Kg | O111: 15 | P111: 682 | Q111: =O111*P111 -> 10230
H112: =ROUND(F112*G112,0) -> 0 | K112: Agua | N112: Lt | O112: 8 | P112: 20 | Q112: =O112*P112 -> 160
H113: =ROUND(F113*G113,0) -> 0
H114: =ROUND(F114*G114,0) -> 0
H115: =ROUND(F115*G115,0) -> 0
H116: =ROUND(F116*G116,0) -> 0
H117: =ROUND(F117*G117,0) -> 0
H118: =ROUND(F118*G118,0) -> 0
H119: =ROUND(F119*G119,0) -> 0
E121: SUB-TOTAL MATERIALES: | I121: =SUM(H109:H119) -> 56586 | N121: SUB-TOTAL MATERIALES: | R121: =SUM(Q109:Q119) -> 43090
A124: 2.- EQUIPOS: | J124: 2.- EQUIPOS:
A126: CÓD. | B126: DESCRIPCIÓN | E126: Tarifa/dia u hora | G126: RENDIM. | H126: VR. PARCIAL | J126: CÓD. | K126: DESCRIPCIÓN | N126: Tarifa/dia u hora | P126: RENDIM. | Q126: VR. PARCIAL
B127: Equipo menor | E127: 20000 | G127: 15 | H127: =ROUND(E127/G127,0) -> 1333 | K127: Equipo menor | N127: 20000 | P127: 16 | Q127: =ROUND(N127/P127,0) -> 1250
B128: Vibrador de concreto | E128: 80000 | G128: 15 | H128: =ROUND(E128/G128,0) -> 5333
G129: 1 | H129: =ROUND(E129/G129,0) -> 0 | P129: 1 | Q129: =ROUND(N129/P129,0) -> 0
G130: 1 | H130: =ROUND(E130/G130,0) -> 0 | P130: 1 | Q130: =ROUND(N130/P130,0) -> 0
G131: 1 | H131: =ROUND(E131/G131,0) -> 0 | P131: 1 | Q131: =ROUND(N131/P131,0) -> 0
E133: SUB-TOTAL EQUIPOS: | I133: =SUM(H127:H131) -> 6666 | N133: SUB-TOTAL EQUIPOS: | R133: =SUM(Q127:Q131) -> 1250
A136: 3.- MANO DE OBRA: | J136: 3.- MANO DE OBRA:
A138: CÓD. | B138: DESCRIPCIÓN | C138: UND. | D138: JORNAL | E138: % PREST. | F138: JORNAL TOT. | G138: RENDIMIENTO | H138: VR. PARCIAL | J138: CÓD. | K138: DESCRIPCIÓN | L138: UND. | M138: JORNAL | N138: % PREST. | O138: JORNAL TOT. | P138: RENDIMIENTO | Q138: VR. PARCIAL
B139: Albañil | C139: dia | D139: 66000 | E139: 185 | F139: =ROUND(D139*(+E139)/100,0) -> 122100 | G139: 15 | H139: =ROUND(F139/G139,0) -> 8140 | K139: Albañil | L139: dia | M139: 66000 | N139: 185 | O139: =ROUND(M139*(+N139)/100,0) -> 122100 | P139: 16 | Q139: =ROUND(O139/P139,0) -> 7631
A140: 3 | B140: Ayudantes | C140: 44000 | D140: =C140*A140 -> 132000 | E140: 185 | F140: =ROUND(D140*(+E140)/100,0) -> 244200 | G140: 15 | H140: =ROUND(F140/G140,0) -> 16280 | K140: Ayudante | L140: día | M140: 44000 | N140: 185 | O140: =ROUND(M140*(+N140)/100,0) -> 81400 | P140: 16 | Q140: =ROUND(O140/P140,0) -> 5088
A141: 0.25 | B141: Maestro | C141: 88000 | D141: =A141*C141 -> 22000 | E141: 185 | F141: =ROUND(D141*(+E141)/100,0) -> 40700 | G141: 15 | H141: =ROUND(F141/G141,0) -> 2713 | J141: 0.5 | K141: Maestro | L141: 88000 | M141: =J141*L141 -> 44000 | N141: 185 | O141: =ROUND(M141*(+N141)/100,0) -> 81400 | P141: 16 | Q141: =ROUND(O141/P141,0) -> 5088
E142: 185 | F142: =ROUND(D142*(+E142)/100,0) -> 0 | G142: 1 | H142: =ROUND(F142/G142,0) -> 0 | N142: 185 | O142: =ROUND(M142*(+N142)/100,0) -> 0 | P142: 1 | Q142: =ROUND(O142/P142,0) -> 0
...
